 Dungeon Crawl Stone Soup version 0.30-a0-359-gd0147acb1a (webtiles) character file.

Game seed: 9826318135514710249

78 mcwallace the Gusty (level 4, 0/25 HPs)
             Began as a Tengu Air Elementalist on Nov 12, 2022.
             Killed by their own static electricity (3 damage)
             ... on level 2 of the Dungeon.
             The game lasted 00:04:49 (2545 turns).

mcwallace the Gusty (Tengu Air Elementalist)        Turns: 2545, Time: 00:04:49

Health: 0/25       AC:  2    Str:  9    XL:     4   Next: 36%
Magic:  0/8        EV: 13    Int: 17    God:
Gold:   154        SH:  0    Dex: 14    Spells: 2/8 levels left

rFire   . . .      SeeInvis .    k - +0 falchion {long}
rCold   . . .      Faith    .    (no shield)
rNeg    . . .      Spirit   .    a - +0 robe
rPois   .          Reflect  .    (helmet restricted)
rElec   .          Harm     .    (no cloak)
rCorr   .          Rampage  .    (no gloves)
Will    .....                    (boots unavailable)
Stlth   ++........               (no amulet)
HPRegen 0.24/turn                (no ring)
MPRegen 0.11/turn                (no ring)

@: no status effects
A: beak, talons 3
a: no special abilities


You were on level 2 of the Dungeon.
You visited 1 branch of the dungeon, and saw 2 of its levels.

You collected 154 gold pieces.


Innate Abilities, Weirdness & Mutations

You have a beak for a mouth.
You have claws for feet.


   Skills:
 + Level 1.4 Fighting
 + Level 2.9 Dodging
 - Level 2.0 Stealth
 + Level 2.5 Spellcasting
 + Level 2.7 Conjurations
 + Level 4.6 Air Magic


You had 2 spell levels left.
You knew the following spells:

 Your Spells              Type           Power      Damage    Failure   Level
a - Shock                 Conj/Air       56%        1d6       4%          1
b - Static Discharge      Conj/Air       28%        2-4/arc   6%          2
c - Swiftness             Air            17%        N/A       9%          3

Your spell library contained the following spells:

 Spells                   Type           Power      Damage    Failure   Level
 Momentum Strike          Conj/Tloc      12%        3d8       16%         2
 Airstrike                Air            8%         2d(2-18)  26%         4
 Manifold Assault         Tloc           2%         N/A       88%         4
 Summon Forest            Summ/Tloc      1%         N/A       99%         5
 Borgnjor's Revivificati  Necr           1%         N/A       100%        8

Inventory:

Hand Weapons
 e - a +0 dagger {short}
   (You took it off a goblin on level 1 of the Dungeon)
 k - a +0 falchion (weapon) {long}
   (You found it on level 1 of the Dungeon)
Missiles
 d - 35 stones {throwing}
 p - 2 poisoned darts {throwing}
Armour
 a - a +0 robe (worn)
 c - a +0 robe
   (You found it on level 1 of the Dungeon)
 g - a +0 scale mail
   (You found it on level 1 of the Dungeon)
 n - a +0 ring mail
   (You found it on level 2 of the Dungeon)
 o - a +0 scale mail
   (You took it off Terence on level 2 of the Dungeon)
 r - a +0 leather armour
   (You found it on level 2 of the Dungeon)
Magical Staves
 l - a staff of death {!astaff}
   (You found it on level 2 of the Dungeon)
Scrolls
 h - 3 scrolls of teleportation {unknown}
 j - a scroll of fear {unknown}
 q - a scroll of poison {unknown}
 s - a scroll of vulnerability {unknown}
Potions
 b - a potion of magic
 f - 2 potions of curing {unknown}
 i - a potion of attraction {unknown}
 m - a potion of heal wounds {unknown}

Dungeon Overview and Level Annotations

Branches:
Dungeon (2/15) Zot: 9454

Altars:

Annotations:
D:2 Sigmund

#.# #.##########.## #†##.... ..#
#.# #.# #.###..# ### #.# #.# #.#
#..# .## #.# ##+## #.###... #.##
#.# ##...###.....## ##.## #.##
##.....######### ##.# #..##
##....<..## ##.#
##.#######...####.........####...
#..............@@.........'......
.#######.......##.........####...
.# #.##.##.###.......## ##.. .###
...##.##.# ##.....## ##. ...#
###.##.##.# ##...## #. ...#
#.#..##.# ##'## #. ...#
#.#.###.######.# #. ...#
#.#.###........## #. ..##
#.......#####...## .


You could see Sigmund.


Message History

Press: ? - help, Q - select action, (/) - cycle Shift-Dir - straight line 😎 MP[-1]
You lost 1 mp, and now have 1/8 mp. 😎 MP[+1]
You hear a zap.
You hear a grinding noise.
You see here a +0 flail {mace}. 😎 MP[+1]
A puff of flame appears from out of thin air!
The puff of flame hits you. 😕 HP[-6]
You take 6 damage, and now have 19/25 hp.
MASSIVE DAMAGE!! (PAUSE)
A puff of flame appears from out of thin air!
The puff of flame misses you. 😕 HP[+1] MP[+1]
You hear a zap.
You hear a grinding noise.
You hear a zap.
You hear a grinding noise. 😕 HP[+1]
You hear a zap.
You hear a grinding noise. 😕 HP[+1] 😕 MP[+1]
You hear a zap.
You hear a grinding noise. 😕 HP[+1]
You hear a zap.
You hear a grinding noise. 😕 HP[+1] 😕 MP[+1]
You hear a zap.
You hear a grinding noise. 😎 HP[+1]
Your hp is fully restored (25).
You open the door.
There is an open door here. 😎 MP[+1]
There is an open door here.
Aiming: Shock (safe; 4% risk of failure)
Press: ? - help, Q - select action, (/) - cycle Shift-Dir - straight line, f - Sigmund
Aim: Sigmund, wielding a +0 scythe and wearing a +0 robe (lightly wounded, 68% to hit)
The zap hits Sigmund. 😎 MP[-1]
You lost 1 mp, and now have 6/8 mp.
Sigmund gestures at you while chanting.
You are confused.
You bump into the rock wall.
You're too confused to move!
You bump into the rock wall.
You bump into the rock wall.
Sigmund barely misses you. 😎 MP[+1] You're too confused to move!
Sigmund casts a spell at you. You resist with some effort.
You feel less confused.
There is an open door here.
Sigmund completely misses you.
There is an open door here.
Casting: Shock (safe; 4% risk of failure)
Confirm with . or Enter, or press ? or * to list all spells.
Sigmund is struck by an arc of lightning.
You are struck by an arc of lightning.
Sigmund is struck by an arc of lightning.
The lightning grounds out. 😎 MP[-2]
You lost 2 mp, and now have 5/8 mp.
Unknown command.
Casting: Static Discharge (safe; 6% risk of failure)
Confirm with . or Enter, or press ? or * to list all spells.
Sigmund is struck by an arc of lightning.
You are struck by an arc of lightning.
The lightning grounds out.
Sigmund hits you with a +0 scythe. 😕 HP[-5] MP[-2]
You take 5 damage, and now have 20/25 hp.
You lost 2 mp, and now have 3/8 mp.
Unknown command.
Casting: Static Discharge (safe; 6% risk of failure)
Confirm with . or Enter, or press ? or * to list all spells.
Sigmund is struck by an arc of lightning.
You are struck by an arc of lightning.
The lightning grounds out.
Sigmund barely misses you. 😮 HP[-2] MP[-2]
You take 2 damage, and now have 18/25 hp.
You lost 2 mp, and now have 1/8 mp.
Unknown command.
Casting: Static Discharge (safe; 6% risk of failure)
Confirm with . or Enter, or press ? or * to list all spells.
You don't have enough magic to cast this spell.
You closely miss Sigmund. Your peck misses Sigmund.
Sigmund hits you with a +0 scythe!
* * * LOW HITPOINT WARNING * * *
😨 HP[-11]
You take 11 damage, and now have 7/25 hp.
MASSIVE DAMAGE!! (PAUSE)
You hit Sigmund. Your kick misses Sigmund.
Sigmund points at you and mumbles some strange words.
The puff of flame hits you.
* * * LOW HITPOINT WARNING * * *
😱 HP[-4] MP[+1]
You take 4 damage, and now have 3/25 hp.
Casting: Static Discharge (safe; 6% risk of failure)
Confirm with . or Enter, or press ? or * to list all spells.
Sigmund is struck by an arc of lightning.
You are struck by an arc of lightning.
You die...

Skill      XL: |  1  2  3 |
---------------+----------+-----
Conjurations   | 2 |  2.7
Fighting       | 1 |  1.4
Dodging        | |  2.9
Stealth        | |  2.0
Spellcasting   | |  2.5
Air Magic      | |  4.6

Action                   |  1- 3 |  4- 6 || total
-------------------------+-------+-------++-------
Melee: Falchion          |     3 |     2 ||     5
       Kick              |     1 |       ||     1
       Peck              |     1 |       ||     1
Throw: Dart              |       |     1 ||     1
 Cast: Shock             |    92 |     9 ||   101
       Static Discharge  |     1 |     3 ||     4
Armor: Robe              |     2 |       ||     2
Dodge: Dodged            |     5 |     4 ||     9

Levels and vault maps discovered:
D:1:      dpeg_arrival_arbitrary_a, layout_basic,
          hellmonk_ecumenical_altar_lost_god
D:2:      layout_loops_corners, uniq_sigmund, uniq_terence

Notes
Turn   | Place    | Note
-------+----------+-------------------------------------------
     0 | D:1      | mcwallace the Tengu Air Elementalist began the quest for
                  | the Orb.
     0 | D:1      | Reached XP level 1. HP: 10/10 MP: 4/4
     0 | D:1      | magus.rc [v1.9.6]
   189 | D:1      | Found a faded altar of an unknown god.
   192 | D:1      | Reached XP level 2. HP: 16/16 MP: 3/6
   364 | D:1      | You add the spells Momentum Strike, Manifold Assault,
                  | Summon Forest and Borgnjor's Revivification to your
                  | library.
   364 | D:1      | Got the Anthology of Hyperbolic Maleficent Secrets
   593 | D:1      | Reached skill level 2 in Conjurations
   823 | D:1      | Reached XP level 3. HP: 20/20 MP: 3/7
   931 | D:1      | Reached skill level 1 in Fighting
  2107 | D:2      | Noticed Sigmund
  2118 | D:2      | Learned a level 2 spell: Static Discharge
  2122 | D:2      | Learned a level 3 spell: Swiftness
  2195 | D:2      | Noticed Terence
  2205 | D:2      | Killed Terence
  2206 | D:2      | Reached XP level 4. HP: 16/25 MP: 2/8
  2544 | D:2      | HP: 3/25 [Sigmund/puff of flame (5)]
  2545 | D:2      | Killed from afar by themself

Vanquished Creatures
  Terence (D:2)
  2 worms (D:2)
  A dart slug (D:1)
  4 bats (D:1)
  8 endoplasms
  2 giant cockroaches (D:1)
  A goblin (D:1)
  4 hobgoblins
  4 quokkas (D:1)
  3 ball pythons
  A frilled lizard (D:1)
  2 kobolds (D:1)
  8 rats (D:1)
41 creatures vanquished.

Table legend:
 A = Non-vault XP
 B = Vault XP
 C = Vault XP percentage of total XP
 D = Non-vault monster count
 E = Vault monster count
 F = Vault count percentage of total count
                 A         B        C        D         E       F
            +---------+---------+-------+---------+---------+-------
      Total |      76 |      36 |  32.1 |      40 |       1 |   2.4
            +---------+---------+-------+---------+---------+-------
        D:1 |      51 |       0 |   0.0 |      30 |       0 |   0.0
        D:2 |      25 |      36 |  59.0 |      10 |       1 |   9.1
            +---------+---------+-------+---------+---------+-------

Illustrated notes

Table legend:
 A = Kills in this place as a percentage of kills in entire the game.
 B = Kills by you in this place as a percentage of kills by you in the entire game.
 C = Kills by friends in this place as a percentage of kills by friends in the entire game.
 D = Other kills in this place as a percentage of other kills in the entire game.
 E = Experience gained in this place as a percentage of experience gained in the entire game.
 F = Experience gained in this place divided by the number of levels of this place that you have seen.
                   A       B       C       D       E      F
               +-------+-------+-------+-------+-------+----------------------
         Total | 100.0 | 100.0 |   N/A |   N/A | 100.0 |  56.0
       Dungeon | 100.0 | 100.0 |   N/A |   N/A | 100.0 |  56.0
               +-------+-------+-------+-------+-------+----------------------

Table legend: (Time is in decaauts)
 A = Elapsed time spent in this place.
 B = Non-inter-level travel time spent in this place.
 C = Inter-level travel time spent in this place.
 D = Time resting spent in this place.
 E = Time spent auto-exploring this place.
 F = Levels seen in this place.
 G = Mean time per level.
                   A        B        C        D        E       F      G
               +--------+--------+--------+--------+--------+-----+--------+
         Total |   2545 |   2465 |     80 |      0 |   2133 |   2 | 1272.5 |
       Dungeon |   2545 |   2465 |     80 |      0 |   2133 |   2 | 1272.5 |
               +--------+--------+--------+--------+--------+-----+--------+

Top non-repeatable levels by time:
     D:1: 1544 daAuts
     D:2: 1001 daAuts
